 Dungeon Sprint DCSS version 0.17-a0-2007-g96ac4c4 (webtiles) character file.

1712 Ordine the Imperceptible (level 8, -28/36 HPs)
             Began as a Spriggan Enchanter on Oct 9, 2015.
             Was a Follower of Dithmenos.
             Killed by an exploding giant spore (29 damage)
             ... in the Dungeon (Sprint I: "Red Sonja").
             The game lasted 00:04:15 (546 turns).

Ordine the Imperceptible (Spriggan Enchanter)        Turns: 546, Time: 00:04:15

Health: -28/36     AC:  3    Str:  4    XL:     8   Next: 74%
Magic:  13/13      EV: 18    Int: 19    God:    Dithmenos [*.....]
Gold:   310        SH:  0    Dex: 16    Spells: 3 memorised, 6 levels left

rFire  . . .     SeeInvis +     n - +0 dagger (curse)
rCold  + . .     Clarity  .     b - +1 robe
rNeg   . . .     SustAt   .     (shield restricted)
rPois  .         Gourm    .     (helmet restricted)
rElec  .         Spirit   .     (no cloak)
rCorr  .         Warding  .     (gloves unavailable)
rMut   .         NoTele   +     (boots unavailable)
MR     +....                    (no amulet)
Stlth  +++++.....               (no ring)
                                (no ring)

@: confused, wreathed by umbra, very quick, somewhat resistant to hostile
enchantments, quite stealthy
A: unfitting armour, antennae 1, see invisible, breathe flames 1, cold
resistance 1, herbivore 3, speed 3, slow metabolism 2
a: Renounce Religion, Breathe Fire


You were in the Dungeon.
You worshipped Dithmenos.
Dithmenos was aware of your devotion.
You were not hungry.

You visited 1 branch You collected 534 gold pieces.
You spent 224 gold pieces at shops.

Inventory:

Hand Weapons
 a - a +1 dagger
 l - a +0 blowgun
 n - a cursed +0 dagger (weapon)
Missiles
 k - 4 curare-tipped needles
 m - 7 poisoned needles
Armour
 b - a +1 robe (worn)
Scrolls
 j - a scroll of blinking
Potions
 e - a potion of curing
 f - a potion of heal wounds
 g - a potion of haste
 h - 2 potions of magic
 i - a potion of berserk rage
 o - a potion of flight
 p - a potion of might
 q - a potion of brilliance {unknown}
Books
 c - a book of Maledictions

   Spells                             Type                      Level
   a - Corona                         Hexes                        1
   b - Ensorcelled Hibernation        Hexes/Ice                    2
   c - Confuse                        Hexes                        3
   d - Tukima's Dance                 Hexes                        3
   e - Dazzling Spray                 Conjuration/Hexes            3
Comestibles
 d - a bread ration


   Skills:
 - Level 1.1 Short Blades
 - Level 3.0 Dodging
 + Level 25.8 Stealth
 - Level 2.6 Spellcasting
 - Level 3.6 Hexes


You had 6 spell levels left.
You knew the following spells:

 Your Spells              Type           Power        Failure   Level  Hunger
a - Corona                Hex            ###....      4%          1    None
b - Ensorcelled Hibernat  Hex/Ice        #.....       14%         2    ##.....
c - Confuse               Hex            ###.....     12%         3    ###....


Dungeon Overview and Level Annotations

Branches:
Dungeon (1/1)

Altars:
Cheibriados
Dithmenos
Elyvilon
Fedhas
Gozag
Kikubaaqudgha
Makhleb
Nemelex Xobeh
Okawaru
Qazlal
Ru
Sif Muna
Trog
Vehumet
Xom
Yredelemnul
Zin
The Shining One
Jiyva

Shops:
D (*[


Innate Abilities, Weirdness & Mutations

You are tiny and cannot use many weapons and most armour.
You have supernaturally acute eyesight.
You are a herbivore.
You cover ground extremely quickly.
You need consume almost no food.
You have a pair of small antennae on your head.
You can breathe flames.
Your flesh is cold resistant.


Message History

Unknown command.
There is an open door here.
Firing (i - inventory): No suitable missiles.
Press: ? - help, Shift-Dir - straight line, f - you
Okay, then.
You see here a dagger of distortion.
Found 54 gold pieces.
There is an open door here.
You hit the giant spore.
The giant spore explodes!
The explosion of spores engulfs you!
You are confused.
Ouch! That really hurt!
* * * LOW HITPOINT WARNING * * *
The explosion of spores engulfs the giant spore.
The giant spore explodes!
The explosion of spores engulfs you!
You are more confused.
Ouch! That really hurt!
You die...

#..#_..__##'#..+≈≈≈,,+,,*,,,,
#⌠⌠#_.∩...'..._#≈≈≈,{*,,*,,,,
####_..._##_.#+##+###**+***,,
*,,#_____###'#,#...[###{+,*,,
############.####'###.##*,*,,
#∩........'...'..†..'(∩#*,*,,
###++++####.).##########*,**+
*,.G....#*##.##*,,,,,,,**,**,
*G......G#,#@#,*,,,,,,,,+,***
#..#..G..#$!$!$#+++******,*,,
#G.,....G#$$$!$#,,,,,,,,*,***
#..,..#..#######,,,,,,,*+,*,,
#G.,....G#*,,,,,,,,,,,≈****,,
*,,*,,,,,**,,,,,,,,,,≈≈**,,,,
*,,,,,,,,***,,,,,,,≈≈≈***,,,,
***++++*** ***,,≈≈≈≈*** *,,,,
*∩,,,,,,∩****+******+****,,,,


There were no monsters in sight!

Vanquished Creatures
  Sonja (D)
  A deep troll (D)
  A slime creature (D)
  A yak (D)
  Sigmund (D)
  An ogre (D)
  Ijyb (D)
  A jelly (D)
8 creatures vanquished.

Notes
Turn   | Place    | Note
--------------------------------------------------------------
     0 | D        | Ordine the Spriggan Enchanter began the quest for the Orb.
     0 | D        | Reached XP level 1. HP: 9/9 MP: 5/5
     2 | D        | Noticed Ijyb
    25 | D        | Killed Ijyb
    25 | D        | Reached skill level 10 in Stealth
    25 | D        | Reached XP level 2. HP: 5/13 MP: 6/6
   319 | D        | Noticed an ogre
   322 | D        | Killed an ogre
   322 | D        | Reached skill level 14 in Stealth
   322 | D        | Reached XP level 3. HP: 16/16 MP: 8/8
   322 | D        | Reached XP level 4. HP: 21/21 MP: 9/9
   326 | D        | Learned a level 2 spell: Ensorcelled Hibernation
   330 | D        | Learned a level 3 spell: Confuse
   341 | D        | Noticed Sigmund
   344 | D        | Killed Sigmund
   344 | D        | Reached skill level 18 in Stealth
   344 | D        | Reached XP level 5. HP: 24/24 MP: 10/10
   344 | D        | Reached XP level 6. HP: 28/28 MP: 11/11
   358 | D        | Found a snail-covered altar of Cheibriados.
   358 | D        | Found a viscous altar of Jiyva.
   358 | D        | Found a shadowy altar of Dithmenos.
   358 | D        | Found a blossoming altar of Fedhas.
   358 | D        | Noticed a slime creature
   361 | D        | Killed a slime creature
   361 | D        | Reached skill level 20 in Stealth
   364 | D        | Became a worshipper of Dithmenos the Shadowed
   368 | D        | Found a deep blue altar of Sif Muna.
   369 | D        | Noticed a jelly
   370 | D        | Found a radiant altar of Vehumet.
   374 | D        | Killed a jelly
   387 | D        | Found Ukhig's Assorted Antiques.
   387 | D        | Found a white marble altar of Elyvilon.
   387 | D        | Found a stormy altar of Qazlal.
   387 | D        | Found a burning altar of Makhleb.
   387 | D        | Found a sacrificial altar of Ru.
   387 | D        | Found a basalt altar of Yredelemnul.
   387 | D        | Found a glowing golden altar of the Shining One.
   387 | D        | Found a sparkling altar of Nemelex Xobeh.
   387 | D        | Found a shimmering altar of Xom.
   387 | D        | Found an opulent altar of Gozag.
   387 | D        | Found an ancient bone altar of Kikubaaqudgha.
   387 | D        | Found a glowing silver altar of Zin.
   387 | D        | Noticed a yak
   388 | D        | Found an iron altar of Okawaru.
   389 | D        | Killed a yak
   389 | D        | Reached skill level 21 in Stealth
   389 | D        | Reached XP level 7. HP: 32/32 MP: 12/12
   412 | D        | Found a bloodstained altar of Trog.
   416 | D        | Bought a scroll labeled VAOWKIJERE for 17 gold pieces
   416 | D        | Bought 3 scrolls labeled ITORCH TUDESOF for 51 gold pieces
   416 | D        | Bought a fuming dark potion for 15 gold pieces
   416 | D        | Bought a viscous sapphire potion for 15 gold pieces
   416 | D        | Bought a scroll labeled YDEYTT CUROM for 17 gold pieces
   416 | D        | Bought a green potion for 15 gold pieces
   416 | D        | Bought a scroll labeled YDEYTT CUROM for 17 gold pieces
   416 | D        | Bought a scroll labeled HUH ASKIBBEE for 17 gold pieces
   423 | D        | Gained mutation: You have a pair of small antennae on your head. [potion of mutation]
   423 | D        | Gained mutation: Your flesh is cold resistant. [potion of mutation]
   423 | D        | Gained mutation: You can breathe flames. [potion of mutation]
   435 | D        | Noticed Sonja
   439 | D        | Killed Sonja
   439 | D        | Reached skill level 24 in Stealth
   439 | D        | Reached XP level 8. HP: 36/36 MP: 13/13
   459 | D        | Noticed a deep troll
   463 | D        | Killed a deep troll
   463 | D        | Reached skill level 25 in Stealth
   473 | D        | Found Zysuoroe's Armour Emporium.
   510 | D        | Found Widuvo's Antique Weapon Boutique.
   518 | D        | Bought a runed dagger for 60 gold pieces
   521 | D        | Noticed a shining eye
   521 | D        | Noticed a shining eye
   521 | D        | Noticed a shining eye
   521 | D        | Noticed a shining eye
   521 | D        | Noticed a shining eye
   521 | D        | Noticed a shining eye
   546 | D        | HP: 1/36 [something (35)]
   546 | D        | Killed by an exploding giant spore

Vault maps used:
D:        dungeon_sprint_1

Action                   |  1- 3 |  4- 6 |  7- 9 || total
-------------------------+-------+-------+-------++-------
Melee: Dagger            |    22 |     4 |     3 ||    29
  Use: Scroll            |       |       |     7 ||     7
       Potion            |       |       |     1 ||     1
 Stab: Sleeping          |     2 |     4 |     2 ||     8
